 Dungeon Crawl Stone Soup version 0.20.1-1-g8b1a95d (console) character file.

52 hilaritas the Chiller (level 3, 0/19 HPs)
             Began as a Deep Elf Ice Elementalist on Sept 8, 2017.
             Slain by a worm (9 damage)
             ... on level 2 of the Dungeon.
             The game lasted 00:02:33 (1590 turns).

hilaritas the Chiller (Deep Elf Ice Elementalist)   Turns: 1590, Time: 00:02:34

Health: 0/19       AC:  2    Str:  6    XL:     3   Next: 60%
Magic:  2/9        EV: 13    Int: 19    God:
Gold:   103        SH:  0    Dex: 15    Spells: 5/8 levels left

rFire    . . .     SeeInvis .   (no weapon)
rCold    . . .     Gourm    .   (no shield)
rNeg     . . .     Faith    .   a - +0 robe
rPois    .         Spirit   .   (no helmet)
rElec    .         Reflect  .   (no cloak)
rCorr    .         Harm     .   (no gloves)
MR       .....                  (no boots)
Stlth    ++........             (no amulet)
Regen    0.1/turn               (no ring)
MPRegen  0.2/turn               (no ring)

@: no status effects
A: no striking features
a: no special abilities


You were on level 2 of the Dungeon.
You were not hungry.

You visited 1 branch of the dungeon, and saw 2 of its levels.

You collected 103 gold pieces.

Inventory:

Missiles
 d - 57 stones (quivered)
 i - 32 arrows
Armour
 a - a +0 robe (worn)
Jewellery
 j - a +5 amulet of reflection {unknown}
Scrolls
 e - a scroll of random uselessness {unknown}
 k - 2 scrolls of identify {unknown}
 n - a scroll of recharging {unknown}
 o - a scroll of teleportation {unknown}
 p - a scroll of remove curse {unknown}
 r - a scroll of magic mapping {unknown}
Potions
 g - 2 potions of lignification {unknown}
 l - 2 potions of curing {unknown}
 q - a potion of berserk rage {unknown}
 s - a potion of resistance {unknown}
Books
 b - a book of Frost

   Spells                             Type                      Level
   a - Freeze                         Ice                          1
   b - Throw Frost                    Conjuration/Ice              2
   c - Ozocubu's Armour               Charms/Ice                   3
   d - Throw Icicle                   Conjuration/Ice              4
   e - Summon Ice Beast               Ice/Summoning                4
Comestibles
 c - 2 bread rations
 f - a royal jelly
 h - a chunk of flesh
 m - a fruit


   Skills:
 - Level 2.4 Dodging
 - Level 2.4 Stealth
 - Level 3.0 Spellcasting
 * Level 1.9 Conjurations
 + Level 4.8 Ice Magic


You had 5 spell levels left.
You knew the following spells:

 Your Spells              Type           Power        Failure   Level  Hunger
a - Freeze                Ice            ###.         2%          1    None
b - Throw Frost           Conj/Ice       ###...       6%          2    ##.....


Dungeon Overview and Level Annotations

Branches:
Dungeon (2/15)

Altars:


Message History

You feel stronger. The worm misses you.
Things that are here:
a trident; a glowing scale mail
Casting: Freeze
Confirm with . or Enter, or press ? or * to list all spells.
Aiming: Freeze
Press: ? - help, Shift-Dir - straight line, f - worm
Aim: a worm You freeze the worm.
The worm is lightly wounded.
Casting: Freeze
Confirm with . or Enter, or press ? or * to list all spells.
Aiming: Freeze
Press: ? - help, Shift-Dir - straight line, f/p - worm
Aim: a worm (lightly wounded)
You freeze the worm.
The worm is heavily wounded.
The worm bites you!
You die...

....... %...... .......
....... ♣♣♣ ....... ..g♣
......<###...## .
............... ....#.
......w.# ...... #######@#
#.#.. ##...# #♣ ♣....
#..##....# ♣P♣♣♣♣...
#.###.#### ♣PP.P♣...
##.##..#### ♣....♣..♣ ##
#..##.#... ♣P..♣♣♣. #..
##.###.#.# ####♣♣......
#...#..###...# #....♣♣P...♣
#..........### #....♣....♣♣
#......†...#####....♣♣...♣♣
#.....................♣.P.P


You could see a worm.

Vanquished Creatures
  Terence (D:2)
  3 leopard geckos (D:1)
  2 giant cockroaches
  4 goblins (D:1)
  A hobgoblin (D:1)
  2 kobolds (D:1)
  3 bats
  4 frilled lizards
  4 rats
24 creatures vanquished.

Notes
Turn   | Place    | Note
-------+----------+-------------------------------------------
     0 | D:1      | hilaritas the Deep Elf Ice Elementalist began the quest for the Orb.
     0 | D:1      | Reached XP level 1. HP: 10/10 MP: 6/6
   427 | D:1      | Reached skill level 4 in Ice Magic
   427 | D:1      | Reached XP level 2. HP: 10/15 MP: 4/8
   465 | D:1      | Learned a level 2 spell: Throw Frost
  1573 | D:2      | Noticed Terence
  1587 | D:2      | Killed Terence
  1587 | D:2      | Reached XP level 3. HP: 9/19 MP: 3/9
  1590 | D:2      | Slain by a worm

Skill      XL: |  1 |
---------------+----+-----
Ice Magic      | 4 |  4.8
Dodging        | |  2.4
Stealth        | |  2.4
Spellcasting   | |  3.0
Conjurations   | |  1.9

Action                   || total
-------------------------++-------
Melee: Unarmed           ||     2
 Cast: Freeze            ||    41
  Eat: Chunk             ||     2
Armor: Robe              ||     3
Dodge: Dodged            ||    23
